 Dungeon Crawl Stone Soup version 0.19.5 (webtiles) character file.

389 tidbits the Skirmisher (level 6, -6/45 HPs)
             Began as a High Elf Wanderer on Aug 8, 2017.
             Mangled by Grinder (8 damage)
             ... while paralysed by Grinder
             ... in a sewer.
             The game lasted 00:16:05 (1765 turns).

tidbits the Skirmisher (High Elf Wanderer)          Turns: 1765, Time: 00:16:06

Health: -6/45      AC:  8    Str: 11    XL:     6   Next: 49%
Magic:  12/12      EV:  2    Int: 16    God:
Gold:   134        SH:  0    Dex: 22    Spells: 0 memorised, 12 levels left

rFire  . . .     SeeInvis .     a - +1 short sword (holy)
rCold  . . .     Gourm    .     B - +2 scale mail
rNeg   . . .     Faith    .     (no shield)
rPois  .         Spirit   .     (no helmet)
rElec  .         Reflect  .     (no cloak)
rCorr  .         Harm     .     (no gloves)
MR     .....                    (no boots)
Stlth  ++........               (no amulet)
                                (no ring)
                                (no ring)

@: paralysed, agile
A: no striking features
a: no special abilities


You were in a sewer.
You were not hungry.

You visited 1 branch of the dungeon, and saw 3 of its levels.
You also visited: Sewer.

You collected 134 gold pieces.

Inventory:

Hand Weapons
 a - a +1 short sword of holy wrath (weapon)
   (You found it on level 1 of the Dungeon)
 e - a +0 hunting sling
   (You found it on level 1 of the Dungeon)
 g - a +0 blowgun
 k - a +0 mace
   (You found it on level 1 of the Dungeon)
 s - a +0 dagger
   (You found it on level 1 of the Dungeon)
Missiles
 c - 19 poisoned needles
 d - 88 stones
 l - 6 javelins of penetration (quivered)
 n - 32 bolts
 r - 24 sling bullets
Armour
 B - a +2 scale mail (worn)
Scrolls
 h - 2 scrolls of teleportation
 i - a scroll of identify
 j - a scroll of enchant weapon {unknown}
 o - a scroll of enchant armour {unknown}
 p - a scroll of fog {unknown}
 t - a scroll of blinking {unknown}
 u - a scroll of remove curse {unknown}
 v - 2 scrolls of recharging {unknown}
 x - a scroll of immolation {unknown}
Potions
 m - a potion of flight
 z - a potion of brilliance
Comestibles
 b - a slice of pizza
 f - a bread ration


   Skills:
 + Level 5.5 Fighting
 - Level 2.4 Maces & Flails
 - Level 1.0 Throwing
 - Level 1.0 Armour
 - Level 4.0 Dodging
 - Level 3.6 Spellcasting
   Level 1.0 Evocations


You had 12 spell levels left.
You didn't know any spells.

Dungeon Overview and Level Annotations

Branches:
Dungeon (3/15)

Altars:
Dithmenos

Annotations:
Sewer Grinder


Message History

You see here a big kobold corpse.
Things that are here:
a short sword; a kobold corpse; a kobold skeleton
m - a brown potion;
u - a scroll labeled CASKAKKEST You see here a big kobold corpse.
You start eating the meat ration.
You continue eating. x2
You finish eating.
That meat ration really hit the spot!
As you read the scroll of identify, it crumbles to dust.
m - a potion of flight
Things that are here:
a short sword; a kobold corpse You see here a dagger.
You enter the shallow water.
Moving in this stuff is going to be slow.
You enter the shallow water.
Moving in this stuff is going to be slow.
You enter the shallow water.
Moving in this stuff is going to be slow.
You enter the shallow water.
Moving in this stuff is going to be slow.
You enter the shallow water.
Moving in this stuff is going to be slow.
Things that are here:
a short sword; a dagger You enter the shallow water.
Moving in this stuff is going to be slow.
Wield which item (- for none, * to show all)? (? for menu, Esc to quit)
Your +1 short sword of holy wrath softly glows with a divine radiance!
a - a +1 short sword of holy wrath (weapon)
There is an open door, spattered with blood here.
You see here a short sword. 2 shadow imps come into view.
The shadow imp shouts, "Scamper home, thou pribbling fool-headed scavenger!"
The shadow imp shouts!
The shadow imp hits you.
You hit the shadow imp but do no damage.
The shadow imp closely misses you. The shadow imp hits you.
You barely miss the shadow imp.
The shadow imp hits you but does no damage.
You hit the shadow imp.
The shadow imp convulses.
The shadow imp is almost dead.
The shadow imp picks up a beetle and eats it.
The shadow imp hits you.
You hit the shadow imp.
You kill the shadow imp!
You barely miss the shadow imp. The shadow imp gestures at you.
You struggle to resist.
You barely miss the shadow imp. The shadow imp gestures at you.
You struggle to resist.
You hit the shadow imp.
The shadow imp convulses.
The shadow imp is severely wounded.
The shadow imp closely misses you.
Your scale mail prevents you from hitting the shadow imp.
The shadow imp is severely wounded.
The shadow imp completely misses you.
You puncture the shadow imp!
You kill the shadow imp!
You see here a dagger.
Grinder comes into view.
Grinder shouts!
There is an open door here.
You close the door.
You feel agile all of a sudden.
Grinder opens the door.
Grinder gestures at you. You resist with some effort.
There is an open door here.
You barely miss Grinder. Grinder closely misses you.
You hit Grinder.
Grinder convulses.
Grinder is moderately wounded.
Grinder gestures at you. Pain shoots through your body!
You hit Grinder.
Grinder convulses.
Grinder is moderately wounded.
Grinder barely misses you.
You closely miss Grinder.
Grinder is moderately wounded.
Grinder gestures at you. Pain shoots through your body!
* * * LOW HITPOINT WARNING * * *
Grinder closely misses you.
Unknown command.
You hit Grinder.
Grinder convulses.
Grinder is severely wounded.
Grinder gestures at you.
You suddenly lose the ability to move!
Grinder gestures at you. Pain shoots through your body!
* * * LOW HITPOINT WARNING * * *
Grinder gestures at you.
You shrug off the repeated paralysis!
Grinder gestures at you. Pain shoots through your body!
* * * LOW HITPOINT WARNING * * *
Grinder grins, showing sharp teeth.
Grinder hits you!
You die...

≈≈≈≈≈≈≈ +.≈≈###...##
≈≈≈≈≈≈≈ #.Z≈##.....#
≈≈≈≈≈≈≈≈≈≈≈.#.≈≈##.§≈≈.#
≈≈≈≈≈≈≈≈≈≈≈.#.≈≈# .§...#
≈≈≈≈≈≈≈≈≈...#..≈# #'''#
≈≈≈≈≈≈≈≈≈...#.(≈###...##
##≈##≈###.####.###).§..##.
........≈.≈≈#≈..#.)...§.'.
≈≈≈≈≈≈≈≈.≈≈≈≈≈..@5§._...'.
.......)≈.≈≈#≈..#.....§.'.
≈#≈≈###≈#.####)###..§..##.
≈≈≈≈≈≈≈≈≈...#..≈###...##
≈≈≈≈≈≈≈≈≈...#.≈≈# #'''#
≈≈≈≈≈≈≈≈≈≈..#..≈# ...#
≈≈≈≈≈≈≈≈≈≈..#.≈≈# ≈.#
≈≈≈≈≈≈≈≈≈≈≈.#.≈≈# ..#
≈≈≈≈≈≈≈≈≈≈..).≈≈#


You could see Grinder.

Vanquished Creatures
  2 big kobolds (Sewer)
  A quasit (Sewer)
  An orc wizard (D:3)
  A big kobold zombie (Sewer)
  5 adders
  4 shadow imps (Sewer)
  5 ufetubi (Sewer)
  An ooze (D:3)
  3 dart slugs (D:1)
  2 leopard geckos (D:3)
  4 orcs (D:3)
  A ball python (D:3)
  2 bat zombies (Sewer)
  3 giant cockroaches
  2 goblins (D:2)
  4 hobgoblins
  2 jackals (D:3)
  13 kobolds
  A quokka (D:3)
  3 bats
  6 frilled lizards
  4 rats
70 creatures vanquished.

Vanquished Creatures (others)
  A big kobold zombie (Sewer)
  An ooze (Sewer)
  A giant cockroach zombie (Sewer)
  2 kobold zombies (Sewer)
5 creatures vanquished.

Grand Total: 75 creatures vanquished

Notes
Turn   | Place    | Note
-------+----------+-------------------------------------------
     0 | D:1      | tidbits the High Elf Wanderer began the quest for the Orb.
     0 | D:1      | tidbits set off with: a +2 scale mail, a potion of curing, 10 poisoned needles, a +0 blowgun, a bread ration
     0 | D:1      | Reached XP level 1. HP: 13/13 MP: 6/6
    45 | D:1      | Reached skill level 1 in Dodging
   175 | D:1      | Reached XP level 2. HP: 14/18 MP: 7/7
   199 | D:1      | Reached skill level 2 in Dodging
   437 | D:2      | Found a shadowy altar of Dithmenos.
   463 | D:2      | Reached skill level 3 in Dodging
   463 | D:2      | Reached XP level 3. HP: 18/23 MP: 9/9
   580 | D:3      | Found a faded altar of an unknown god.
   670 | D:3      | Reached skill level 4 in Dodging
   672 | D:3      | Reached XP level 4. HP: 20/28 MP: 10/10
   871 | D:3      | Reached skill level 2 in Fighting
  1075 | D:3      | Found a glowing drain.
  1081 | Sewer    | Entered a sewer
  1294 | Sewer    | Reached skill level 3 in Fighting
  1294 | Sewer    | Reached XP level 5. HP: 35/36 MP: 11/11
  1401 | Sewer    | Found a burning altar of Makhleb.
  1511 | Sewer    | Reached skill level 4 in Fighting
  1581 | Sewer    | Reached XP level 6. HP: 28/45 MP: 12/12
  1599 | Sewer    | Reached skill level 5 in Fighting
  1751 | Sewer    | Noticed Grinder
  1761 | Sewer    | Paralysed by Grinder for 7 turns
  1764 | Sewer    | HP: 1/45 [Grinder/nerve-wracking pain (8)]
  1765 | Sewer    | Mangled by Grinder

Skill      XL: |  1  2  3  4  5  6 |
---------------+-------------------+-----
Dodging        | 1 3 4 |  4.0
Fighting       | 3 4 5 |  5.5
Maces & Flails | |  2.4
Throwing       | |  1.0
Armour         | |  1.0
Spellcasting   | |  3.6
Evocations     | |  1.0

Action                   |  1- 3 |  4- 6 || total
-------------------------+-------+-------++-------
Melee: Dagger            |    49 |     2 ||    51
       Mace              |     7 |    56 ||    63
       Short sword       |       |   152 ||   152
 Fire: Blowgun           |    49 |    18 ||    67
Throw: Javelin           |     1 |       ||     1
  Use: Potion            |     1 |     5 ||     6
       Scroll            |     2 |     4 ||     6
  Eat: Chunk             |       |     2 ||     2
       Meat ration       |       |     1 ||     1
Armor: Scale mail        |    34 |   153 ||   187
Dodge: Dodged            |    26 |   212 ||   238

Table legend:
 A = Turns spent in this place as a percentage of turns spent in the entire game.
 B = Non-inter-level travel turns spent in this place as a percentage of non-inter-level travel turns spent in the entire game.
 C = Inter-level travel turns spent in this place as a percentage of turns spent in this place.
 D = Turns resting spent in this place as a percentage of non-inter-level travel turns spent in this place.
 E = Turns spent auto-exploring this place as a percentage of non-inter-level travel turns spent in this place.
 F = Non-inter-level travel turns spent in this place divided by the number of levels of this place that you've seen.
                   A       B       C       D       E      F
               +-------+-------+-------+-------+-------+----------------------
         Total | 100.0 | 100.0 |   0.0 |   0.0 |   0.0 | 429.5
       Dungeon |  59.3 |  59.3 |   0.0 |   0.0 |   0.0 | 339.7
         Sewer |  40.7 |  40.7 |   0.0 |   0.0 |   0.0 | 699.0
               +-------+-------+-------+-------+-------+----------------------

Table legend:
 A = Kills in this place as a percentage of kills in entire the game.
 B = Kills by you in this place as a percentage of kills by you in the entire game.
 C = Kills by friends in this place as a percentage of kills by friends in the entire game.
 D = Other kills in this place as a percentage of other kills in the entire game.
 E = Experience gained in this place as a percentage of experience gained in the entire game.
 F = Experience gained in this place divided by the number of levels of this place that you have seen.
                   A       B       C       D       E      F
               +-------+-------+-------+-------+-------+----------------------
         Total | 100.0 | 100.0 |  -nan |  -nan | 100.0 | 139.0
       Dungeon |  57.1 |  57.1 |  -nan |  -nan |  28.6 |  53.0
         Sewer |  42.9 |  42.9 |  -nan |  -nan |  71.4 | 397.0
               +-------+-------+-------+-------+-------+----------------------

Vault maps used:
D:1:      nicolae_arrival_washed_ashore, st_stairs_7
D:2:      kennysheep_goblin_castle, old_standard_altar, tgw_xom,
          nicolae_dithmenos_through_a_glass_darkly, first_bread,
          hangedman_decor_growths
D:3:      gup_sewer_entry_bowl, ecumenical_altar_2, kennysheep_generic_room_13
Sewer:    kennysheep_sewer_church
